 Dungeon Crawl Stone Soup version 0.30-a0-728-gc68057be0a (webtiles) character file.

Game seed: 6990749135030513997

59 dialectric the Covered (level 4, -3/28 HPs)
             Began as a Gargoyle Fighter on Jan 30, 2023.
             Slain by a worm (7 damage)
             ... on level 1 of the Dungeon.
             The game lasted 00:01:24 (786 turns).

dialectric the Covered (Gargoyle Fighter)            Turns: 786, Time: 00:01:24

Health: -3/28      AC: 10    Str: 21    XL:     4   Next: 3%
Magic:  4/4        EV:  9    Int:  9    God:
Gold:   55         SH:  0    Dex:  9    Spells: 3/3 levels left

rFire   . . .      SeeInvis .    a - +0 long sword
rCold   . . .      Faith    .    (no shield)
rNeg    + . .      Spirit   .    b - +0 scale mail
rPois   ∞          Reflect  .    (no helmet)
rElec   +          Harm     .    (no cloak)
rCorr   .          Rampage  .    (no gloves)
Will    .....                    (no boots) Stlth
                                 (no amulet)
HPRegen 0.24/turn                (no ring)
MPRegen 0.09/turn                (no ring)

@: no status effects
A: sickness immunity, AC +3, negative energy resistance 1, electricity
resistance, torment resistance 1, petrification resistance
a: no special abilities


You were on level 1 of the Dungeon.
You visited 1 branch of the dungeon, and saw 2 of its levels.

You collected 55 gold pieces.

Inventory:

Hand Weapons
 a - a +0 long sword (weapon)
Armour
 b - a +0 scale mail (worn)
 c - a +0 buckler
Scrolls
 f - 3 scrolls of immolation {unknown}
 g - a scroll of identify {unknown}
 h - a scroll of enchant weapon {unknown}
 j - a scroll of teleportation {unknown}
 l - a scroll of magic mapping {unknown}
Potions
 d - a potion of might
 e - a potion of curing {unknown}
 i - 3 potions of degeneration {unknown}
 k - a potion of cancellation {unknown}


   Skills:
 + Level 3.6 Fighting
 * Level 2.9 Long Blades
 + Level 4.0 Armour
 + Level 3.4 Shields


You had 3 spell levels left.
You didn't know any spells.
Your spell library was empty.

Dungeon Overview and Level Annotations

Branches:
Dungeon (2/15)

Altars:

Shops:
D:1 !   D:2 [


Innate Abilities, Weirdness & Mutations

You are immune to sickness and miasma.
Your stone body is resilient. (AC +3)
You are immune to poison.
You resist negative energy. (rN+)
You are resistant to electric shocks. (rElec)
You are resistant to unholy torment.
You are immune to petrification.


Message History

You hit the adder.
You kill the adder!
You have reached level 4!
You feel clever.
You start resting.
HP restored.
You climb downwards.
The worm bites you but does no damage. x2
There is a stone staircase leading up here.
You hit the worm but do no damage.
There are monsters nearby!
There are monsters nearby!
You hit the worm.
The worm is lightly wounded.
The worm bites you but does no damage. The worm barely misses you.
You slash the worm!
The worm is severely wounded.
The worm bites you. The worm bites you but does no damage.
The worm barely misses you.
You climb upwards.
There is a stone staircase leading down here.
Unknown command.
You hit the worm but do no damage.
The worm is heavily wounded.
The worm bites you.
You slash the worm!
The worm is almost dead.
The worm bites you but does no damage. The worm bites you!
You barely miss the worm.
The worm is almost dead.
The worm bites you but does no damage. The worm barely misses you.
You barely miss the worm.
The worm is almost dead.
The worm closely misses you. The worm bites you!
* * * LOW HITPOINT WARNING * * *
You barely miss the worm.
The worm is severely wounded.
You barely miss the worm.
The worm is severely wounded.
The worm bites you!
You die...

..# ##.#..# ....###...##...
..####.#..# ........#......
...)...#..####.#####..###########
†.######....)..#.###.### ..#
##..#####.......# ..# ##..##
#...###.# ..# ##..###.### #.# ..#
##..##w# #.# ..# ##..w@# #.# ..#
###### #.# ..# #.# ######## ..#
#######.###....... ###
#.................
#.................
#...........###### ###
#...........# ..# #...........#


You could see 2 worms.

Vanquished Creatures
  3 adders
  4 ball pythons (D:1)
  2 endoplasms
  4 giant cockroaches
  2 goblins (D:1)
  2 hobgoblins (D:1)
  3 jackals (D:2)
  4 bats (D:1)
  A frilled lizard (D:1)
  2 kobolds (D:1)
  5 rats
32 creatures vanquished.

Notes
Turn   | Place    | Note
-------+----------+-------------------------------------------
     0 | D:1      | dialectric the Gargoyle Fighter began the quest for the
                  | Orb.
     0 | D:1      | Reached XP level 1. HP: 14/14 MP: 1/1
   197 | D:1      | Found Miaced's Distillery.
   206 | D:1      | Reached XP level 2. HP: 19/19 MP: 2/2
   567 | D:1      | Reached XP level 3. HP: 21/23 MP: 3/3
   575 | D:2      | Found Kuuxeok's Armour Boutique.
   639 | D:2      | Reached skill level 4 in Armour
   718 | D:1      | Reached XP level 4. HP: 14/28 MP: 4/4
   786 | D:1      | Slain by a worm

Illustrated notes

Levels and vault maps discovered:
D:1:      dpeg_arrival_arbitrary_c, layout_basic, serial_shops, shop_fountains
D:2:      layout_rooms, serial_shops, shop_statue, nicolae_wormholes

Skill      XL: |  1  2  3 |
---------------+----------+-----
Long Blades    | 2 |  2.9
Armour         | 4 |  4.0
Fighting       | |  3.6
Shields        | |  3.4

Action                     |  1- 3 |  4- 6 || total
---------------------------+-------+-------++-------
  Melee: Long sword        |   120 |     9 ||   129
 Armour: Scale mail        |    95 |     6 ||   101
  Dodge: Dodged            |    98 |     4 ||   102

Table legend: (Time is in decaauts)
 A = Elapsed time spent in this place.
 B = Non-inter-level travel time spent in this place.
 C = Inter-level travel time spent in this place.
 D = Time resting spent in this place.
 E = Time spent auto-exploring this place.
 F = Levels seen in this place.
 G = Mean time per level.
                   A        B        C        D        E       F      G
               +--------+--------+--------+--------+--------+-----+--------+
         Total |    824 |    824 |      0 |     56 |    466 |   2 |  412.0 |
       Dungeon |    824 |    824 |      0 |     56 |    466 |   2 |  412.0 |
               +--------+--------+--------+--------+--------+-----+--------+

Top non-repeatable levels by time:
     D:1: 672 daAuts
     D:2: 152 daAuts
